 Dungeon Crawl Stone Soup version 0.27-a0-1139-g28e009f8a6 (webtiles) character file.

Game seed: 3426455374103674630

1217 DarkShadow the Carver (level 8, -2/70 HPs)
             Began as a Minotaur Fighter on May 7, 2021.
             Succumbed to a gnoll sergeant's poison
             ... on level 7 of the Dungeon.
             The game lasted 00:12:56 (6026 turns).

DarkShadow the Carver (Minotaur Fighter)            Turns: 6026, Time: 00:12:56

Health: -2/70      AC: 16    Str: 22    XL:     8   Next: 22%
Magic:  7/7        EV:  5    Int:  5    God:
Gold:   186        SH: 10    Dex: 11    Spells: 7/7 levels left

rFire    . . .     SeeInvis .   e - +1 double sword (venom)
rCold    . . .     Faith    .   n - +0 kite shield {AC+3}
rNeg     . . .     Spirit   .   m - +0 plate armour
rPois    .         Reflect  .   (helmet restricted)
rElec    .         Harm     .   (no cloak)
rCorr    .         Rampage  .   (no gloves)
Will     .....                  (no boots)
Stlth    ..........             (no amulet)
HPRegen  0.21/turn              (no ring)
MPRegen  0.10/turn              (no ring)

@: lethally poisoned (-2 -> -18)
A: horns 2, retaliatory headbutt
a: no special abilities


You were on level 7 of the Dungeon.
You visited 1 branch of the dungeon, and saw 7 of its levels.

You collected 301 gold pieces.
You spent 115 gold pieces at shops.

Inventory:

Hand Weapons
 e - a +1 double sword of venom (weapon)
Armour
 m - a +0 plate armour (worn)
 n - a +0 kite shield of protection (worn)
Wands
 i - a wand of flame (6)
 l - a wand of polymorph (6)
Scrolls
 a - a scroll of immolation {unknown}
 b - a scroll of identify
 o - a scroll of enchant armour {unknown}
 r - 2 scrolls of amnesia {unknown}
Potions
 c - a potion of magic {unknown}
 d - 2 potions of might
 f - 2 potions of resistance
 g - 4 potions of cancellation
 h - 2 potions of lignification {unknown}
 j - 4 potions of haste {unknown}
 k - a potion of heal wounds {unknown}
 p - a potion of experience {unknown}
 q - a potion of brilliance {unknown}
 s - 2 potions of flight


   Skills:
 + Level 5.8 Fighting
 + Level 8.0 Long Blades
 + Level 6.6 Armour
 + Level 6.5 Shields


You had 7 spell levels left.
You didn't know any spells.
Your spell library contained the following spells:

 Spells                   Type           Power      Damage    Failure   Level
 Passwall                 Tmut/Erth      0%         N/A       100%        2
 Swiftness                Air            0%         N/A       100%        3
 Passage of Golubria      Tloc           N/A        N/A       100%        4
 Lee's Rapid Deconstruct  Erth           0%         3d5*      100%        5
 Invisibility             Hex            0%         N/A       100%        6


Dungeon Overview and Level Annotations

Branches:
Dungeon (7/15)
 Temple: D:4-7

Altars:
Ashenzari
Cheibriados
Elyvilon
Kikubaaqudgha
Okawaru
Ru
Sif Muna
Trog
Vehumet
Wu Jian
The Shining One

Shops:
D:2 [   D:5 =*([*


Innate Abilities, Weirdness & Mutations

You have a pair of horns on your head.
You reflexively headbutt those who attack you in melee.


Message History

The gnoll is lightly wounded.
You feel sick. You block the gnoll's attack.
The gnoll hits you but does no damage.
The gnoll sergeant hits you from afar with a +2 spear of venom.
You are more poisoned.
You barely miss the gnoll.
The gnoll is lightly wounded.
You feel very sick. The gnoll hits you with a +0 club.
You block the gnoll's attack.
The gnoll sergeant hits you but does no damage.
You slash the gnoll!
The gnoll is almost dead.
You feel very sick. The gnoll hits you with a +0 club.
You block the gnoll's attack.
The gnoll sergeant hits you from afar with a +2 spear of venom.
You are more poisoned.
The gnoll hits you but does no damage.
The gnoll hits you from afar with a +0 spear.
The gnoll sergeant hits you but does no damage.
You are lethally poisoned!
You feel extremely sick. You block the gnoll's attack.
The gnoll barely misses you.
The gnoll sergeant hits you from afar with a +2 spear of venom.
* * * LOW HITPOINT WARNING * * *
You are more poisoned.
You climb downwards.
* * * LOW HITPOINT WARNING * * *
You feel very sick.
Found 11 gold pieces, a paperback book and 7 stones.
Found two stone staircases leading down.
There is a stone staircase leading up here.
* * * LOW HITPOINT WARNING * * *
You feel very sick. The gnoll hits you with a +0 club.
* * * LOW HITPOINT WARNING * * *
You slice the gnoll!!
You kill the gnoll!
* * * LOW HITPOINT WARNING * * *
You feel very sick.
You die...

#......#
####...... #.#
#........##... #
#>.......#....
..#.............
.>........:.....
##.............
#.....<........
###....@.......
##...$.......
...............
....##.........#
#... ##........#
### #...###..#
(.... ... .....#
..


There were no monsters in sight!

Vanquished Creatures
  Eustachio (D:4)
  Menkaure (D:4)
  An orc warrior (D:6)
  A black bear (D:4)
  2 ogres
  A bullfrog (D:6)
  A scorpion (D:5)
  A centaur zombie (D:5)
  2 jellies
  4 hounds
  A bullfrog skeleton (D:5)
  Ijyb (D:4)
  An orc wizard (D:6)
  An iguana (D:6)
  5 adders
  3 gnolls
  A white imp (D:6)
  An ufetubus (D:4)
  A dart slug (D:1)
  13 orcs
  2 endoplasms
  2 giant cockroaches
  4 goblins
  6 hobgoblins
  8 kobolds
  4 quokkas
  7 ball pythons
  7 bats
  A frilled lizard (D:3)
  5 rats
89 creatures vanquished.

Notes
Turn   | Place    | Note
-------+----------+-------------------------------------------
     0 | D:1      | DarkShadow the Minotaur Fighter began the quest for the
                  | Orb.
     0 | D:1      | Reached XP level 1. HP: 19/19 MP: 0/0
   209 | D:1      | Reached XP level 2. HP: 26/27 MP: 1/1
   751 | D:1      | Found a faded altar of an unknown god.
  1511 | D:2      | Found Castetwu's Armour Shop.
  1528 | D:2      | Bought a +0 kite shield of protection for 115 gold pieces
  1564 | D:2      | Reached XP level 3. HP: 31/33 MP: 2/2
  1718 | D:2      | Reached skill level 3 in Long Blades
  2179 | D:3      | Found an iron altar of Okawaru.
  2179 | D:3      | Found a bloodstained altar of Trog.
  2180 | D:3      | Found a glowing golden altar of the Shining One.
  2180 | D:3      | Found a sacrificial altar of Ru.
  2187 | D:3      | Found a white marble altar of Elyvilon.
  2257 | D:3      | Found a broken altar of Ashenzari.
  2312 | D:3      | Found a radiant altar of Vehumet.
  2315 | D:3      | Found a snail-covered altar of Cheibriados.
  2316 | D:3      | Found a shimmering blue altar of Sif Muna.
  2716 | D:3      | Reached XP level 4. HP: 40/40 MP: 3/3
  2761 | D:3      | Identified a scroll of acquirement
  2761 | D:3      | Acquired a +0 double sword of holy wrath
  2907 | D:3      | Found an ancient bone altar of Kikubaaqudgha.
  3335 | D:4      | Noticed Menkaure
  3358 | D:4      | Killed Menkaure
  3359 | D:4      | Reached skill level 4 in Long Blades
  3359 | D:4      | Reached skill level 5 in Shields
  3359 | D:4      | Reached XP level 5. HP: 32/47 MP: 4/4
  3499 | D:4      | Found an ornate altar of the Wu Jian Council.
  3585 | D:4      | Noticed Ijyb
  3592 | D:4      | Killed Ijyb
  3593 | D:4      | Reached skill level 5 in Long Blades
  3593 | D:4      | Reached XP level 6. HP: 44/53 MP: 5/5
  3730 | D:4      | Reached skill level 5 in Armour
  4233 | D:4      | Noticed Eustachio
  4242 | D:4      | Killed Eustachio
  4243 | D:4      | Reached skill level 6 in Long Blades
  4243 | D:4      | Reached XP level 7. HP: 55/60 MP: 6/6
  4382 | D:4      | Reached skill level 5 in Fighting
  4744 | D:5      | Entered Level 5 of the Dungeon
  4799 | D:5      | Found Umuhis's Jewellery Shop.
  4875 | D:5      | Found Qiulu's Weapon Emporium.
  5069 | D:5      | Found Uqe Buip's Assorted Antiques.
  5206 | D:5      | Found Ininum's Antique Armour Shoppe.
  5350 | D:5      | Found Sorigoty's General Store.
  5677 | D:6      | Reached skill level 7 in Long Blades
  5943 | D:6      | Reached XP level 8. HP: 70/70 MP: 7/7
  5999 | D:6      | Reached skill level 8 in Long Blades
  6025 | D:7      | HP: 2/70 [poisoned by a gnoll sergeant]
  6026 | D:7      | Succumbed to a gnoll sergeant's poison

Illustrated notes

Levels and vault maps discovered:
D:1:      dpeg_arrival_short_road, layout_basic,
          shapermc_ecumenical_altar_flowoftime, minmay_liquid_box,
          minmay_octomino_e4
D:2:      layout_loops_ring, serial_shops, shop_coins, minmay_tree_intersection
D:3:      layout_basic, lemuel_round_altar, old_standard_altar,
          grunt_temple_overflow_open, grunt_ministairs_10
D:4:      layout_layer_cave, general_overflow_altar, minmay_quadrilaterals,
          uniq_menkaure, uniq_ijyb, uniq_eustachio
D:5:      layout_loops_corners, serial_shops, nicolae_shop_trees, shop,
          kennysheep_mini, nicolae_shop_statue_plus, nicolae_shop_statue_plus,
          hangedman_decor_riveting
D:6:      layout_loops_ring, dk_noncrumbling_2, grunt_decor_mini_mirrors,
          serial_bayou_pond_d
D:7:      layout_cave_pools, minmay_temple_entry_wispy

Skill      XL: |  1  2  3  4  5  6  7  8 |
---------------+-------------------------+-----
Shields        | 4 5 6 |  6.5
Armour         | 4 5 6 |  6.6
Long Blades    | 3 4 5 6 7 8 |  8.0
Fighting       | 4 5 |  5.8

Action                   |  1- 3 |  4- 6 |  7- 9 || total
-------------------------+-------+-------+-------++-------
Melee: Long sword        |    91 |     9 |       ||   100
       Headbutt          |    15 |     9 |    11 ||    35
       Double sword      |       |    67 |    61 ||   128
  Use: Scroll            |       |     7 |     3 ||    10
Armor: Scale mail        |    25 |       |       ||    25
       Plate armour      |    35 |    69 |    45 ||   149
Dodge: Dodged            |    24 |    27 |    15 ||    66
Block: Kite shield       |    51 |    66 |    40 ||   157
       Rpst.: Long sword |     4 |     1 |       ||     5
       Double sword      |       |     5 |     6 ||    11

Table legend: (Time is in decaauts)
 A = Elapsed time spent in this place.
 B = Non-inter-level travel time spent in this place.
 C = Inter-level travel time spent in this place.
 D = Time resting spent in this place.
 E = Time spent auto-exploring this place.
 F = Levels seen in this place.
 G = Mean time per level.
                   A        B        C        D        E       F      G
               +--------+--------+--------+--------+--------+-----+--------+
         Total |   6123 |   6008 |    115 |    468 |   4582 |   7 |  874.7 |
       Dungeon |   6123 |   6008 |    115 |    468 |   4582 |   7 |  874.7 |
               +--------+--------+--------+--------+--------+-----+--------+

Top non-repeatable levels by time:
     D:4: 1727 daAuts
     D:3: 1089 daAuts
     D:1: 1069 daAuts
     D:2: 937 daAuts
     D:5: 859 daAuts
     D:6: 438 daAuts
     D:7: 3 daAuts
